Map: Efflorescence LE

Players

ATomCorp

  • Race: Terran Terran
  • League: Silver
  • Spawn Location: 12:00

Archangel

  • Race: Protoss Protoss
  • League: Diamond
  • Spawn Location: 3:00

qqq - Winner!

  • Race: Zerg Zerg
  • League: Platinum
  • Spawn Location: 6:00

Massa - Winner!

  • Race: Terran Terran
  • League: Platinum
  • Spawn Location: 9:00

VOD

Have the link to the VOD?

Description

Time

  • Played on: Sept. 25, 2020, 12:33 p.m.
  • Length: 3:13
Show
View Real Time Build Order
Export as new Build Order

ATomCorp Terran 

Build Orders:  

Get SALT Encoding   

  12  0:02  SCV  
  13  0:17  Supply Depot  
  13  0:18  SCV  
  14  0:30  SCV  
  15  0:40  Barracks  
  15  0:43  Refinery  
  15  0:49  Refinery  
  15  0:52  SCV  
  16  1:04  SCV  
  17  1:16  SCV  
  18  1:27  Reaper  
  18  1:28  SCV  
  20  1:33  Supply Depot  
  20  1:40  SCV  
  21  1:52  SCV  
  22  2:04  SCV  
  23  2:13  Barracks  
  23  2:16  Barracks Reactor, SCV  
  24  2:25  Supply Depot  
  24  2:28  SCV  
  25  2:41  SCV  
  26  2:54  Engineering Bay  
  28  3:06  Supply Depot  
Show
View Real Time Build Order
Export as new Build Order

Archangel Protoss 

Build Orders:  

Get SALT Encoding   

  12  0:01  Probe  
  13  0:14  Probe  
  13  0:18  Pylon  
  14  0:26  Probe  
  15  0:38  Probe (Chrono Boost)  
  15  0:39  Gateway  
  16  0:49  Assimilator  
  17  0:50  Probe (Chrono Boost)  
  17  0:57  Probe (Chrono Boost)  
  17  0:59  Assimilator  
  19  1:13  Probe  
  19  1:26  Cybernetics Core  
  19  1:28  Pylon  
  19  1:31  Probe  
  20  1:43  Probe  
  21  1:52  Nexus  
  21  2:00  Stalker (Chrono Boost)  
  21  2:06  Probe  
  24  2:18  Probe  
  24  2:21  Gateway  
  25  2:32  Stalker  
  27  2:42  Probe (Chrono Boost)  
  28  2:52  Gateway  
  28  2:53  Probe (Chrono Boost)  
  28  2:58  Probe (Chrono Boost)  
Show
View Real Time Build Order
Export as new Build Order

qqq Zerg - Winner!

Build Orders: Hatch First 

Get SALT Encoding   

  12  0:01  Drone  
  13  0:11  Drone  
  14  0:36  Hatchery  
  14  0:42  Drone  
  14  0:53  Overlord  
  14  1:05  Spawning Pool  
  14  1:08  Drone  
  14  1:14  Drone  
  14  1:18  Drone  
  16  1:20  Extractor  
  16  1:25  Drone  
  16  1:37  Drone  
  17  1:42  Drone  
  18  1:48  Drone  
  19  2:03  Drone, Queen  
  19  2:05  Zergling x2  
  19  2:07  Drone  
  24  2:13  Overlord  
  24  2:18  Zergling x2  
  25  2:27  Zergling x2  
  26  2:32  Zergling x2  
  26  2:33  Zergling x2  
  27  2:43  Zergling x2  
  28  2:45  Zergling x2  
  28  2:48  Zergling x2  
  30  2:54  Zergling x2  
Show
View Real Time Build Order
Export as new Build Order

Massa Terran - Winner!

Build Orders:  

Get SALT Encoding   

  12  0:00  SCV  
  13  0:12  SCV  
  14  0:21  Supply Depot  
  14  0:24  SCV  
  15  0:43  SCV  
  15  0:44  Barracks  
  16  0:55  SCV  
  17  0:58  Refinery  
  17  1:07  SCV  
  18  1:19  SCV  
  19  1:26  Barracks  
  19  1:28  Barracks  
  19  1:33  Orbital Command  
  19  1:41  Reaper  
  20  1:59  SCV, Barracks  
  21  2:12  SCV  
  21  2:13  Reaper  
  23  2:17  Supply Depot  
  23  2:23  Barracks Tech Lab  
  23  2:31  Supply Depot  
  23  2:38  Marine  
  26  2:44  Marauder  
  26  2:45  Marine  
  27  2:57  Supply Depot  
Tags
 
Add a new tag
Caveats
  • Supply blocks, unpowered buildings, or Contaminate may cause inaccurate times.
  • Supply counts are checked every 10 seconds.